 Dungeon Crawl Stone Soup version 0.26.1-11-gd32895ea62 (webtiles) character file.

Game seed: 16913840904551941297

56 Descartes the Ruffian (level 3, -9/37 HPs)
             Began as a Troll Chaos Knight on May 25, 2021.
             Was a Plaything of Xom.
             Killed from afar by a lindwurm (glowing shapeshifter) (24 damage)
             ... with a blast of flame
             ... on level 3 of the Dungeon.
             The game lasted 00:03:06 (1677 turns).

Descartes the Ruffian (Troll Chaos Knight)          Turns: 1677, Time: 00:03:06

Health: -9/37      AC:  8    Str: 20    XL:     3   Next: 71%
Magic:  2/2        EV: 10    Int:  9    God:    Xom [......]
Gold:   28         SH:  0    Dex:  9    Spells: 2/2 levels left

rFire    . . .     SeeInvis .     - Unarmed
rCold    . . .     Faith    .   (no shield)
rNeg     . . .     Spirit   .   a - +2 robe
rPois    .         Reflect  .   (helmet restricted)
rElec    .         Harm     .   (no cloak)
rCorr    .         Rampage  .   (gloves unavailable)
Will     .....                  (boots unavailable)
Stlth    ++........             (no amulet)
HPRegen  0.52/turn              n - ring of stealth
MPRegen  0.08/turn              (no ring)

@: no status effects
A: large, unfitting armour, claws 3, regeneration 1, shaggy fur 1, tough skin 3
a: Renounce Religion


You were on level 3 of the Dungeon.
You worshipped Xom.
You were a very special plaything of Xom.
You visited 1 branch of the dungeon, and saw 3 of its levels.

You collected 28 gold pieces.

Inventory:

Hand Weapons
 o - a +0 hunting sling of freezing
Armour
 a - a +2 robe (worn)
Jewellery
 n - a ring of stealth (left claw)
Scrolls
 c - 2 scrolls of identify
 d - a scroll of immolation {unknown}
 f - 2 scrolls of remove curse {unknown}
 h - a scroll of random uselessness {unknown}
 j - 2 scrolls of enchant weapon {unknown}
 k - a scroll of noise {unknown}
Potions
 b - a potion of heal wounds
 e - a potion of attraction {unknown}
 g - a potion of resistance
 i - 2 potions of brilliance {unknown}
 l - a potion of curing
 m - a potion of cancellation {unknown}
 p - a potion of magic


   Skills:
 + Level 3.0 Fighting
 + Level 2.5 Dodging
 + Level 3.6 Unarmed Combat


You had 2 spell levels left.
You didn't know any spells.
Your spell library contained the following spells:

 Spells                   Type           Power        Failure   Level
 Magic Dart               Conj           0%           38%         1
 Blink                    Tloc           N/A          52%         2
 Call Imp                 Summ           0%           52%         2
 Slow                     Hex            0%           52%         2
 Conjure Flame            Conj/Fire      0%           77%         3
 Mephitic Cloud           Conj/Pois/Air  0%           77%         3


Dungeon Overview and Level Annotations

Branches:
Dungeon (3/15)

Altars:


Innate Abilities, Weirdness & Mutations

You are too large for most types of armour.
You have claws for hands.
Your natural rate of healing is unusually fast.
You are covered in fur. (AC +1)
You have extremely tough skin. (AC +3)


Message History

The elephant tramples you.
You stumble backwards!
You scratch the elephant.
The elephant is moderately wounded.
The elephant tramples you!
* * * LOW HITPOINT WARNING * * *
You stumble backwards!
You are too injured to fight recklessly!
You are too injured to fight recklessly!
You are too injured to fight recklessly!
You are too injured to fight recklessly!
You aren't carrying any items that you can evoke.
You see here 26 stones. "Hum-dee-hum-dee-hum..."
The elephant changes into a glowing shapeshifter!
The glowing shapeshifter changes into a lindwurm!
The lindwurm breathes flames at you. The blast of flame hits you!!
Ouch! That really hurt!
You die...
Xom chortles!

............###.# #.#.
...####.#.#.# #.# ##.#[
.. #.#.#.###.####.#.† #
#.#.#.........##..
#.##.##(#.#####.####.#..
#......k#.............#.
####.##.#######.#######.
# #.# #(........ #@#
#########. #.# #.# #.#
##. #.# .. #.# ### #.# #
#.# # #.#


You could see a lindwurm shaped shifter (catching breath).

Vanquished Creatures
  A gnoll (D:1)
  A worm (D:2)
  A dart slug (D:2)
  A leopard gecko (D:1)
  A ball python (D:2)
  3 giant cockroaches
  3 goblins
  2 hobgoblins
  9 jackals (D:1)
  7 bats
  3 frilled lizards
  A kobold (D:1)
  5 rats
38 creatures vanquished.

Notes
Turn   | Place    | Note
-------+----------+-------------------------------------------
     0 | D:1      | Descartes the Troll Chaos Knight began the quest for the
                  | Orb.
     0 | D:1      | Reached XP level 1. HP: 22/22 MP: 0/0
   160 | D:1      | Reached XP level 2. HP: 29/29 MP: 1/1
   342 | D:1      | XOM: silly message
   609 | D:1      | Reached XP level 3. HP: 36/36 MP: 2/2
  1109 | D:2      | XOM: divination: magic mapping
  1153 | D:2      | XOM: silly message
  1295 | D:2      | XOM: torment (20/37 hp)
  1618 | D:3      | XOM is BORED!
  1618 | D:3      | XOM: summons 4 hostile shadow creatures
  1663 | D:3      | Noticed a glowing shapeshifter
  1663 | D:3      | a hobgoblin changed into a glowing shapeshifter
  1663 | D:3      | XOM: polymorph hobgoblin -> glowing shapeshifter
  1664 | D:3      | Noticed a moth of wrath
  1664 | D:3      | a glowing shapeshifter changed into a moth of wrath
  1665 | D:3      | Noticed an elephant
  1665 | D:3      | a moth of wrath changed into an elephant
  1676 | D:3      | Noticed a glowing shapeshifter
  1676 | D:3      | an elephant changed into a glowing shapeshifter
  1676 | D:3      | XOM: polymorph elephant -> glowing shapeshifter
  1676 | D:3      | Noticed a lindwurm
  1676 | D:3      | a glowing shapeshifter changed into a lindwurm
  1677 | D:3      | Killed from afar by a lindwurm (glowing shapeshifter)

Illustrated notes

Levels and vault maps discovered:
D:1:      eino_arrival_cavern_a, layout_loops_corners, minivault_23
D:2:      layout_loops_ring
D:3:      layout_loops_ring, st_stairs_10, kennysheep_pointless_box,
          minivault_19

Skill      XL: |  1  2  3 |
---------------+----------+-----
Dodging        | 2 |  2.5
Fighting       | 3 |  3.0
Unarmed Combat | |  3.6

Action                   || total
-------------------------++-------
Melee: Unarmed           ||   107
       Punch             ||     1
  Use: Scroll            ||     4
Armor: Robe              ||    52
Dodge: Dodged            ||    54
